 Dungeon Crawl Stone Soup version 0.28-a0-1493-g08698888e4 (webtiles) character file.

Game seed: 14878214207587992328

198 vineage the Skirmisher (level 5, -1/50 HPs)
             Began as a Minotaur Gladiator on Jan 12, 2022.
             Slain by a gnoll (9 damage)
             ... on level 3 of the Dungeon.
             The game lasted 00:03:25 (2107 turns).

vineage the Skirmisher (Minotaur Gladiator)         Turns: 2107, Time: 00:03:26

Health: -1/50      AC:  5    Str: 19    XL:     5   Next: 47%
Magic:  4/4        EV:  6    Int:  5    God:
Gold:   96         SH:  0    Dex: 13    Spells: 4/4 levels left

rFire   . . .      SeeInvis .   n - +0 flail (holy)
rCold   . . .      Faith    .   (no shield)
rNeg    . . .      Spirit   .   i - +0 plate armour
rPois   .          Reflect  .   (helmet unavailable)
rElec   .          Harm     .   (no cloak)
rCorr   .          Rampage  .   (no gloves)
Will    .....                   (no boots)
Stlth   ..........              (no amulet)
HPRegen 0.16/turn               (no ring)
MPRegen 0.09/turn               (no ring)

@: no status effects
A: horns 3, retaliatory headbutt, deformed body
a: no special abilities


You were on level 3 of the Dungeon.
You visited 1 branch of the dungeon, and saw 3 of its levels.

You collected 96 gold pieces.

Inventory:

Hand Weapons
 n - a +0 flail of holy wrath (weapon)
Missiles
 d - 3 throwing nets (quivered)
Armour
 b - a +0 leather armour
 c - a +1 hat
 i - a +0 plate armour (worn)
Jewellery
 m - a ring of see invisible
Scrolls
 a - a scroll of teleportation {unknown}
 h - a scroll of enchant armour
Potions
 e - a potion of lignification
 g - 2 potions of resistance
 l - a potion of magic {unknown}


   Skills:
 * Level 5.8 Fighting
 + Level 5.2 Maces & Flails
 - Level 2.0 Throwing
 - Level 3.2 Dodging


You had 4 spell levels left.
You didn't know any spells.
Your spell library was empty.

Dungeon Overview and Level Annotations

Branches:
Dungeon (3/15)

Altars:
Nemelex Xobeh

Shops:
D:2 ?(**


Innate Abilities, Weirdness & Mutations

You have a pair of large horns on your head.
You reflexively headbutt those who attack you in melee.
Armour fits poorly on your strangely shaped body.


Message History

There is an open door here.
Okay, then.
It was a potion of mutation.
You feel extremely strange.
Your body twists and deforms.
The horns on your head grow some more.
Your +1 hat falls away!
It was a potion of cancellation.
You feel magically purged. The gnoll barely misses you.
It was a potion of ambrosia.
You are confused.
You feel invigorated. The gnoll barely misses you.
The gnoll hits you from afar with a +0 halberd.
The gnoll hits you with a +0 halberd.
You bump into the rock wall.
The gnoll hits you from afar with a +0 halberd.
The gnoll hits you but does no damage.
You miss the gnoll. The gnoll hits you but does no damage.
The gnoll hits you with a +0 halberd!
The gnoll hits you from afar with a +0 halberd.
You bump into the rock wall.
The gnoll barely misses you.
The gnoll hits you from afar with a +0 halberd!
* * * LOW HITPOINT WARNING * * *
You closely miss the gnoll. The gnoll hits you with a +0 halberd!
* * * LOW HITPOINT WARNING * * *
The gnoll hits you from afar with a +0 halberd.
* * * LOW HITPOINT WARNING * * *
What are your orders? t - Shout!
Anything else - Cancel.
Okay, then.
Unknown command.
Unknown command.
You are too confused!
The gnoll hits you from afar with a +0 halberd!
* * * LOW HITPOINT WARNING * * *
You're too confused to move!
The gnoll hits you from afar with a +0 halberd!
* * * LOW HITPOINT WARNING * * *
You bump into the rock wall.
You feel less invigorated.
You feel less confused.
The gnoll hits you from afar with a +0 halberd!
You die...

#.......##.........#
#.......##.........#
#.gKg...##.........#
###K######..........
#S# #.......... #g#
#.......... #g#
#.........#
##.######.........#
#.@...)...#########
#.........#
#.........#
#.........#
#.........#
##'######## ....
....


You could see 4 gnolls, an adder and 2 kobolds.

Vanquished Creatures
  A water moccasin zombie (D:3)
  4 gnolls (D:2)
  4 adders (D:2)
  A worm (D:2)
  A dart slug (D:2)
  10 orcs
  A ball python (D:1)
  4 endoplasms
  A giant cockroach (D:2)
  4 goblins
  A hobgoblin (D:2)
  5 jackals (D:2)
  2 kobolds
  4 quokkas (D:1)
  4 bats
  A frilled lizard (D:2)
  3 rats
51 creatures vanquished.

Notes
Turn   | Place    | Note
-------+----------+-------------------------------------------
     0 | D:1      | vineage the Minotaur Gladiator began the quest for the Orb.
     0 | D:1      | Reached XP level 1. HP: 18/18 MP: 0/0
    77 | D:1      | Found a faded altar of an unknown god.
   251 | D:1      | Reached XP level 2. HP: 26/26 MP: 1/1
   806 | D:2      | Reached XP level 3. HP: 32/33 MP: 2/2
  1053 | D:2      | Found Xuamapn's Magic Scroll Emporium.
  1092 | D:2      | Found a sparkling altar of Nemelex Xobeh.
  1118 | D:2      | Reached XP level 4. HP: 41/41 MP: 3/3
  1347 | D:2      | Found Asaf's Assorted Antiques.
  1389 | D:2      | Found Arerycuu's Assorted Antiques.
  1453 | D:2      | Reached skill level 5 in Fighting
  1755 | D:2      | Found Xemneovo's Weapon Shop.
  1868 | D:3      | Reached skill level 5 in Maces & Flails
  1868 | D:3      | Reached XP level 5. HP: 48/50 MP: 4/4
  2096 | D:3      | Gained mutation: Armour fits poorly on your strangely
                  | shaped body. [potion of mutation]
  2096 | D:3      | Gained mutation: You have a pair of large horns on your
                  | head. [potion of mutation]
  2104 | D:3      | HP: 2/50 [gnoll (9)]
  2107 | D:3      | Slain by a gnoll

Illustrated notes

Levels and vault maps discovered:
D:1:      nicolae_arrival_memento_mori, layout_basic,
          ebering_ecumenical_altar_webs, serial_rivers,
          chequers_serial_rivers_small_3, chequers_serial_rivers_marsh,
          chequers_serial_rivers_large_a, chequers_serial_rivers_small_3,
          chequers_serial_rivers_marsh
D:2:      layout_loops_ring, serial_glass, glass_columns_a, glass_columns_c,
          basic_altar, serial_shops, shop_statue, nicolae_shop_crystal,
          nicolae_shop_bloodbath_and_beyond, shop
D:3:      layout_basic, old_standard_altar

Skill      XL: |  1  2  3  4 |
---------------+-------------+-----
Fighting       | 3 4 5 |  5.8
Maces & Flails | 4 5 |  5.2
Throwing       | |  2.0
Dodging        | |  3.2

Action                   |  1- 3 |  4- 6 || total
-------------------------+-------+-------++-------
Melee: Flail             |    54 |    65 ||   119
       Headbutt          |     7 |     8 ||    15
  Use: Scroll            |     2 |     1 ||     3
       Potion            |       |     3 ||     3
Armor: Leather armour    |     7 |       ||     7
       Plate armour      |    25 |    48 ||    73
Dodge: Dodged            |    27 |    37 ||    64

Table legend: (Time is in decaauts)
 A = Elapsed time spent in this place.
 B = Non-inter-level travel time spent in this place.
 C = Inter-level travel time spent in this place.
 D = Time resting spent in this place.
 E = Time spent auto-exploring this place.
 F = Levels seen in this place.
 G = Mean time per level.
                   A        B        C        D        E       F      G
               +--------+--------+--------+--------+--------+-----+--------+
         Total |   2149 |   2113 |     36 |      0 |   1768 |   3 |  716.3 |
       Dungeon |   2149 |   2113 |     36 |      0 |   1768 |   3 |  716.3 |
               +--------+--------+--------+--------+--------+-----+--------+

Top non-repeatable levels by time:
     D:2: 1157 daAuts
     D:1: 740 daAuts
     D:3: 252 daAuts
